 Seeded DCSS version 0.30.1-5-ged363bc7ee (webtiles) character file.

Game seed: 15113689061260748900 (custom seed)

74 Psyclone the Chiller (level 4, -2/24 HPs)
             Began as a Deep Elf Ice Elementalist on Sept 20, 2023.
             Slain by a sleepcap (16 damage)
             ... on level 3 of the Dungeon.
             The game lasted 00:04:18 (1446 turns).

Psyclone the Chiller (Deep Elf Ice Elementalist)    Turns: 1446, Time: 00:04:19

Health: -2/24      AC:  2    Str:  5    XL:     4   Next: 10%
Magic:  7/10       EV:  2    Int: 22    God:
Gold:   106        SH:  0    Dex: 15    Spells: 2/9 levels left

rFire   . . .        c - +0 dagger
rCold   . . .        (no shield)
rNeg    . . .        a - +0 robe
rPois   +            (no helmet)
rElec   .            (no cloak)
rCorr   .            (no gloves)
SInv    .            (no boots)
Will    +....        (no amulet)
Stlth   ++           e - ring of poison resistance
HPRegen 0.24/turn    f - ring of willpower
MPRegen 0.12/turn

%: no passive effects
@: sleeping, freezing walls
A: no striking features
a: no special abilities


You were on level 3 of the Dungeon.
You visited 1 branch of the dungeon, and saw 3 of its levels.

You collected 106 gold pieces.

Inventory:

Hand Weapons
 c - a +0 dagger (weapon)
 k - a +0 short sword of flaming
Armour
 a - a +0 robe (worn)
Jewellery
 e - a ring of poison resistance (left hand)
 f - a ring of willpower (right hand)
 h - a ring of flight
Scrolls
 g - 2 scrolls of noise {unknown}
 i - a scroll of teleportation {unknown}
 l - a scroll of brand weapon {unknown}
 n - a scroll of identify {unknown}
Potions
 b - a potion of magic
 d - a potion of ambrosia {unknown}
 j - a potion of haste {unknown}
 m - a potion of cancellation {unknown}
 o - a potion of heal wounds {unknown}
 p - a potion of curing {unknown}


   Skills:
 - Level 2.4 Dodging
 - Level 2.4 Stealth
 - Level 3.0 Spellcasting
 + Level 6.2 Ice Magic


You had 2 spell levels left.
You knew the following spells:

 Your Spells              Type           Power      Damage    Failure   Level
a - Freeze                Ice            100%       1d10      1%          1
b - Frozen Ramparts       Ice            60%        1d10      2%          3
c - Ozocubu's Armour      Ice            30%        N/A       2%          3

Your spell library contained the following spells:

 Spells                   Type           Power      Damage    Failure   Level
 Blink                    Tloc           6%         N/A       19%         2
 Lesser Beckoning         Tloc           6%         N/A       19%         2
 Momentum Strike          Conj/Tloc      6%         3d8       19%         2
 Summon Ice Beast         Ice/Summ       17%        N/A       34%         4


Dungeon Overview and Level Annotations

Branches:
Dungeon (3/15) Zot: 16554

Altars:

Shops:
D:3 =


Message History

You feel sick.
You take 1 damage, and have 15/24 hp.
You feel sick.
You take 1 damage, and have 14/24 hp.
You feel sick.
You are no longer poisoned.
p - a fuming purple potion
There is an entrance to Guul's One-of-a-Kind Rings here.
You start resting.
Magic restored.
You regained 5 hp, and now have 20/24 hp.
MP restored: 10 You start resting.
HP restored.
Health restored: 24 You can access your shopping list by pressing '$'.
You see here a +0 spear.
Found a war axe.
You see here a +0 war axe.
Found a dagger.
A sleepcap comes into view.
You see here a +0 dagger.
Casting: Frozen Ramparts (dangerous; 2% risk of failure)
Confirm with . or Enter, or press ? or * to list all spells.
Casting: Frozen Ramparts (dangerous; 2% risk of failure)
Press: ? - help, Dir - look around, f - activate The walls around you are covered in ice.
The wall freezes the sleepcap.
The sleepcap releases spores at you.
You take 3 damage, and have 21/24 hp.
You now have 7/10 mp.
You hit the sleepcap but do no damage.
The sleepcap is lightly damaged.
The wall freezes the sleepcap.
The sleepcap misses you.
You hit the sleepcap but do no damage.
The sleepcap is moderately damaged.
The wall freezes the sleepcap.
The sleepcap releases spores at you!
You are engulfed in a cloud of soporific spores!
You fall asleep.
The wall freezes the sleepcap.
The sleepcap releases spores at you!
Ouch! That really hurt!
You die...

###########
##.........#
#######.).######)#
..........# #.#
#######...# #.# #
##### #@# # #f# #
#.# # #.# # #.#
##### ... ..#..
##. #.#.# . #.#.#
##


You could see a sleepcap.

Vanquished Creatures
  3 adders
  A worm (D:2)
  A dart slug (D:1)
  7 ball pythons
  6 endoplasms
  3 giant cockroaches (D:1)
  3 goblins (D:1)
  A hobgoblin (D:2)
  2 jackals (D:1)
  3 kobolds
  A quokka (D:2)
  5 bats
  2 frilled lizards
  3 rats
41 creatures vanquished.

Notes
Turn   | Place    | Note
-------+----------+-------------------------------------------
     0 | D:1      | Psyclone the Deep Elf Ice Elementalist began the quest for
                  | the Orb.
     0 | D:1      | Reached XP level 1. HP: 10/10 MP: 6/6
   100 | D:1      | Reached XP level 2. HP: 15/15 MP: 6/8
   136 | D:1      | Reached skill level 5 in Ice Magic
   741 | D:1      | Reached XP level 3. HP: 19/19 MP: 9/9
   745 | D:1      | Learned a level 3 spell: Frozen Ramparts
   749 | D:1      | Learned a level 3 spell: Ozocubu's Armour
  1152 | D:2      | Reached skill level 6 in Ice Magic
  1190 | D:2      | Identified the +8 trident of Calamity {pain, Fragile rC++
                  | rCorr Stlth+}
  1344 | D:3      | Found Guul's One-of-a-Kind Rings.
  1357 | D:3      | Reached XP level 4. HP: 18/24 MP: 6/10
  1446 | D:3      | Slain by a sleepcap

Illustrated notes

Levels and vault maps discovered:
D:1:      dpeg_arrival_erosion, layout_basic
D:2:      layout_basic, basic_altar, dreamdust_ecumenical_altar_statues,
          serial_shops, nicolae_shop_window_shopping
D:3:      layout_loops_ring, mainiacjoe_overflow_catwalk,
          nicolae_shop_unique_rings, hangedman_abyss_or_decor_stabs, uniq_ijyb

Skill      XL: |  1  2  3 |
---------------+----------+-----
Ice Magic      | 5 6 |  6.2
Dodging        | |  2.4
Stealth        | |  2.4
Spellcasting   | |  3.0

Action                     |  1- 3 |  4- 6 || total
---------------------------+-------+-------++-------
  Melee: Dagger            |    26 |     2 ||    28
   Cast: Freeze            |    31 |       ||    31
         Frozen Ramparts   |     9 |     1 ||    10
   Stab: Sleeping          |     5 |       ||     5
 Armour: Robe              |     9 |       ||     9
  Dodge: Dodged            |    41 |     1 ||    42
